 Dungeon Crawl Stone Soup version 0.29.1-4-g47bece8355 (webtiles) character file.

Game seed: 8694210139909460372

532 ChadusMaximus the Trooper (level 7, -3/62 HPs)
             Began as a Minotaur Fighter on Dec 10, 2022.
             Succumbed to a scorpion's poison
             ... on level 4 of the Dungeon.
             The game lasted 00:02:42 (4301 turns).

ChadusMaximus the Trooper (Minotaur Fighter)        Turns: 4301, Time: 00:02:42

Health: -3/62      AC:  8    Str: 22    XL:     7   Next: 4%
Magic:  6/6        EV:  9    Int:  5    God:
Gold:   166        SH:  5    Dex: 10    Spells: 6/6 levels left

rFire   . . .      SeeInvis .   a - +0 war axe
rCold   . . .      Faith    .   c - +0 buckler
rNeg    . . .      Spirit   .   b - +0 scale mail
rPois   .          Reflect  .   (helmet restricted)
rElec   .          Harm     .   (no cloak)
rCorr   .          Rampage  .   l - +0 pair of gloves
Will    .....                   (no boots)
Stlth   ..........              (no amulet)
HPRegen 0.20/turn               (no ring)
MPRegen 0.10/turn               (no ring)

@: lethally poisoned (-3 -> -34)
A: horns 2, retaliatory headbutt
a: no special abilities


You were on level 4 of the Dungeon.
You visited 1 branch of the dungeon, and saw 4 of its levels.
You also visited: Sewer.

You collected 166 gold pieces.

Inventory:

Hand Weapons
 a - a +0 war axe (weapon)
Missiles
 s - 5 javelins (quivered)
Armour
 b - a +0 scale mail (worn)
 c - a +0 buckler (worn)
 l - a +0 pair of gloves (worn)
Jewellery
 q - a ring of protection from cold
Scrolls
 e - 2 scrolls of blinking {unknown}
 g - a scroll of torment {unknown}
 i - 2 scrolls of butterflies {unknown}
 k - 2 scrolls of teleportation {unknown}
 n - 2 scrolls of fear {unknown}
 o - 6 scrolls of identify {unknown}
 u - 3 scrolls of vulnerability {unknown}
 v - a scroll of enchant weapon {unknown}
 x - 3 scrolls of summoning {unknown}
 y - a scroll of amnesia {unknown}
 z - 2 scrolls of magic mapping {unknown}
Potions
 d - 2 potions of might
 f - 3 potions of flight {unknown}
 h - 3 potions of resistance {unknown}
 j - a potion of invisibility {unknown}
 m - 2 potions of curing {unknown}
 p - a potion of brilliance {unknown}
 r - 2 potions of cancellation {unknown}
 t - a potion of berserk rage {unknown}
 w - 3 potions of heal wounds {unknown}
 A - a potion of mutation {unknown}
 B - a potion of magic {unknown}


   Skills:
 + Level 5.8 Fighting
 + Level 5.1 Axes
 + Level 5.6 Armour
 + Level 5.6 Shields


You had 6 spell levels left.
You didn't know any spells.
Your spell library was empty.

Dungeon Overview and Level Annotations

Branches:
Dungeon (4/15)              Sewer (visited)
 Temple: D:4-7

Altars:
Kikubaaqudgha
The Shining One

Shops:
D:1 :


Innate Abilities, Weirdness & Mutations

You have a pair of horns on your head.
You reflexively headbutt those who attack you in melee.


Message History

You slash the orc priest! You headbutt the orc priest.
The orc priest is almost dead.
The orc barely misses you. The orc priest barely misses you.
The orc closely misses you.
The orc priest calls down the wrath of Beogh upon you.
Beogh smites you!
You hit the orc priest.
You kill the orc priest!
You hit the scorpion. The scorpion stings you.
You are poisoned.
The scorpion poisons you! You block the orc's attack. The scorpion stings you.
You are more poisoned.
The scorpion poisons you!
You have reached level 7!
You slash the orc!
You kill the orc!
You hit the scorpion but do no damage.
You feel extremely sick. The scorpion barely misses you.
You block the orc's attack.
You barely miss the scorpion. Your headbutt misses the scorpion.
The scorpion is moderately wounded.
You feel very sick. You block the scorpion's attack.
The orc closely misses you. The scorpion stings you.
* * * LOW HITPOINT WARNING * * *
You are lethally poisoned!
The scorpion poisons you!
You slash the scorpion!
The scorpion is severely wounded.
* * * LOW HITPOINT WARNING * * *
You feel extremely sick. The orc barely misses you. The scorpion stings you.
* * * LOW HITPOINT WARNING * * *
You are more poisoned.
The scorpion poisons you! The orc priest closely misses you.
The orc closely misses you.
You hit the scorpion.
The scorpion is almost dead.
You slash the orc priest!
You die...

...............
.......?.......
................
#...............
.#...............
.....
...........o.....
#.>..
.........s.......
#...#
#......#.@o....#
#... #......#######
#.. ###......### #..
###......######## #.
##............#####.
###...........##.)#
###............##
##............##
##..............#


You could see a scorpion, an orc priest and an orc.

Vanquished Creatures
  A kobold brigand (Sewer)
  A scorpion (D:4)
  An orc priest (D:4)
  Terence (D:3)
  2 orc wizards (D:3)
  7 gnolls
  9 adders
  5 river rats
  5 dart slugs
  5 orcs
  10 endoplasms
  8 giant cockroaches
  12 goblins
  9 hobgoblins
  6 kobolds
  2 quokkas (D:3)
  9 ball pythons
  A bat (D:2)
  11 frilled lizards
  4 rats
109 creatures vanquished.

Vanquished Creatures (others)
  8 plants (Sewer)
8 creatures vanquished.

Grand Total: 117 creatures vanquished

Notes
Turn   | Place    | Note
-------+----------+-------------------------------------------
     0 | D:1      | ChadusMaximus the Minotaur Fighter began the quest for the
                  | Orb.
     0 | D:1      | Reached XP level 1. HP: 19/19 MP: 0/0
    41 | D:1      | Found Poonol's Book Shoppe.
   135 | D:1      | Reached XP level 2. HP: 26/27 MP: 1/1
  1026 | D:2      | Reached XP level 3. HP: 26/33 MP: 2/2
  1104 | D:2      | Found a glowing golden altar of the Shining One.
  1752 | D:2      | Reached XP level 4. HP: 20/41 MP: 3/3
  1757 | D:2      | HP: 1/41 [gnoll/+0 whip (5)]
  2262 | D:3      | Noticed Terence
  2271 | D:3      | Killed Terence
  2337 | D:3      | Reached XP level 5. HP: 47/47 MP: 4/4
  2369 | D:3      | Found a glowing drain.
  2373 | Sewer    | Entered a sewer
  2633 | Sewer    | Reached skill level 5 in Fighting
  2633 | Sewer    | Reached skill level 5 in Armour
  2633 | Sewer    | Reached skill level 5 in Shields
  2740 | Sewer    | Reached XP level 6. HP: 51/56 MP: 5/5
  3648 | D:3      | Found an ancient bone altar of Kikubaaqudgha.
  4112 | D:4      | Reached skill level 5 in Axes
  4298 | D:4      | Reached XP level 7. HP: 31/62 MP: 6/6
  4301 | D:4      | Succumbed to a scorpion's poison

Illustrated notes

Levels and vault maps discovered:
D:1:      scummos_arrival_star, layout_basic, serial_shops,
          nicolae_shop_hallway_stairs, nicolae_titane
D:2:      cheibrodos_greedy_goblins, layout_basic, basic_altar,
          minmay_heptomino_l4
D:3:      layout_loops_ring, lemuel_coloured_pillars_altar,
          gup_sewer_entry_spiral, uniq_terence
D:4:      layout_cave_pods, mainiacjoe_overflow_cross_hatched

Skill      XL: |  1  2  3  4  5  6 |
---------------+-------------------+-----
Fighting       | 4 5 |  5.8
Shields        | 4 5 |  5.6
Armour         | 4 5 |  5.6
Axes           | 3 4 5 |  5.1

Action                   |  1- 3 |  4- 6 |  7- 9 || total
-------------------------+-------+-------+-------++-------
Melee: War axe           |    74 |   157 |     4 ||   235
       Headbutt          |    13 |    27 |       ||    40
Throw: Javelin           |       |     1 |       ||     1
Armor: Scale mail        |    24 |    64 |       ||    88
Dodge: Dodged            |    35 |    76 |     5 ||   116
Block: Buckler           |    11 |    32 |     2 ||    45
